 Dungeon Crawl Stone Soup version 0.27-a0-1378-gdefffd1ff6 (webtiles) character file.

Game seed: 17837128112903333826

95 funkygono the Firebug (level 4, -7/24 HPs)
             Began as a Gargoyle Fire Elementalist on June 29, 2021.
             Mangled by Sigmund (10 damage)
             ... on level 3 of the Dungeon.
             The game lasted 00:03:38 (2170 turns).

funkygono the Firebug (Gargoyle Fire Elementalist)  Turns: 2170, Time: 00:03:39

Health: -7/24      AC:  8    Str: 11    XL:     4   Next: 65%
Magic:  2/8        EV: 12    Int: 17    God:
Gold:   88         SH:  0    Dex: 10    Spells: 4/9 levels left

rFire    . . .     SeeInvis .   c - +0 club
rCold    . . .     Faith    .   (no shield)
rNeg     + . .     Spirit   .   a - +0 robe
rPois    ∞         Reflect  .   h - +0 helmet
rElec    +         Harm     .   (no cloak)
rCorr    .         Rampage  .   (no gloves)
Will     .....                  d - +1 pair of boots
Stlth    ++........             (no amulet)
HPRegen  0.08/turn              (no ring)
MPRegen  0.11/turn              (no ring)

@: no status effects
A: sickness immunity, AC +3, negative energy resistance 1, electricity
resistance, torment resistance 1, petrification resistance
a: no special abilities


You were on level 3 of the Dungeon.
You visited 1 branch of the dungeon, and saw 3 of its levels.

You collected 88 gold pieces.

Inventory:

Hand Weapons
 c - a +0 club (weapon)
 f - a +0 whip
Armour
 a - a +0 robe (worn)
 d - a +1 pair of boots (worn)
 h - a +0 helmet (worn)
Magical Staves
 b - a staff of earth
Scrolls
 g - 2 scrolls of teleportation
Potions
 e - a potion of flight


   Skills:
 + Level 1.9 Dodging
 - Level 2.1 Stealth
 + Level 3.0 Spellcasting
 + Level 2.1 Conjurations
 + Level 4.0 Fire Magic


You had 4 spell levels left.
You knew the following spells:

 Your Spells              Type           Power      Damage    Failure   Level
a - Foxfire               Conj/Fire      52%        2x1d6     4%          1
b - Sticky Flame          Conj/Fire      13%        2d4       45%         4

Your spell library contained the following spells:

 Spells                   Type           Power      Damage    Failure   Level
 Conjure Flame            Conj/Fire      13%        6-21      16%         3
 Summon Small Mammal      Summ           8%         N/A       17%         1
 Inner Flame              Hex/Fire       9%         N/A       22%         3
 Call Imp                 Summ           2%         N/A       26%         2
 Call Canine Familiar     Summ           2%         N/A       45%         3
 Summon Guardian Golem    Hex/Summ       2%         N/A       45%         3
 Summon Ice Beast         Ice/Summ       2%         N/A       86%         4
 Summon Lightning Spire   Summ/Air       2%         N/A       86%         4
 Fireball                 Conj/Fire      6%         3d5       80%         5


Dungeon Overview and Level Annotations

Branches:
Dungeon (3/15)

Altars:

Annotations:
D:3 Sigmund


Innate Abilities, Weirdness & Mutations

You are immune to sickness and miasma.
Your stone body is resilient. (AC +3)
You are immune to poison.
You resist negative energy. (rN+)
You are resistant to electric shocks. (rElec)
You are resistant to unholy torment.
You are immune to petrification.


Message History

Casting: Foxfire (safe; 4% risk of failure)
Confirm with . or Enter, or press ? or * to list all spells.
You miscast Foxfire.
You are very lightly contaminated with residual magic.
Nothing appears to happen.
The foxfire hits Sigmund but does no damage.
Sigmund is severely wounded.
The foxfire hits Sigmund but does no damage.
Sigmund is severely wounded.
Sigmund barely misses you.
Casting: Foxfire (safe; 4% risk of failure)
Confirm with . or Enter, or press ? or * to list all spells.
You conjure some foxfire!
Sigmund casts a spell.
Sigmund flickers and vanishes!
Deactivating autopickup; reactivate with Ctrl-A.
Unknown command.
Casting: Foxfire (safe; 4% risk of failure)
Confirm with . or Enter, or press ? or * to list all spells.
You conjure some foxfire!
The foxfire hits something.
The foxfire hits something but does no damage.
A magic dart appears from out of thin air!
The magic dart hits you.
The foxfire hits something but does no damage.
The foxfire hits something.
Something hits you.
You are confused.
Your magical contamination has completely faded away.
You bump into the rock wall.
You bump into the rock wall.
You bump into the rock wall.
Something hits you.
* * * LOW HITPOINT WARNING * * *
You bump into the rock wall.
A magic dart appears from out of thin air!
The magic dart hits you.
* * * LOW HITPOINT WARNING * * *
You bump into the rock wall.
You feel less confused. Something hits you!
You die...

####### #.# #.....#
#># #.....# #.#
#.....# #.# #.....#
#.# #.....# #.#
#.....##############.#
#.......{.@........(<#
#.....################
#.....# ####'## #.#
#.# #.# #.# #.#


There were no monsters in sight!

Vanquished Creatures
  5 adders (D:2)
  A dart slug (D:2)
  4 ball pythons
  8 endoplasms
  2 giant cockroaches
  4 goblins
  5 hobgoblins
  6 kobolds
  2 quokkas
  4 bats
  3 frilled lizards
  A rat (D:1)
45 creatures vanquished.

Vanquished Creatures (others)
  130 foxfires
130 creatures vanquished.

Grand Total: 175 creatures vanquished

Notes
Turn   | Place    | Note
-------+----------+-------------------------------------------
     0 | D:1      | funkygono the Gargoyle Fire Elementalist began the quest
                  | for the Orb.
     0 | D:1      | Reached XP level 1. HP: 10/10 MP: 3/3
   194 | D:1      | Reached XP level 2. HP: 14/15 MP: 0/5
   808 | D:1      | Reached XP level 3. HP: 19/19 MP: 0/6
  1266 | D:2      | Reached XP level 4. HP: 24/24 MP: 5/8
  1313 | D:2      | Learned a level 4 spell: Sticky Flame
  1686 | D:2      | Reached skill level 4 in Fire Magic
  2150 | D:3      | Noticed Sigmund
  2170 | D:3      | Mangled by Sigmund

Illustrated notes

Levels and vault maps discovered:
D:1:      lightli_arrival_windingriver, layout_basic, minmay_misc_feat_tower,
          minmay_vboxes
D:2:      layout_basic
D:3:      layout_basic, chequers_ecumenical_altar_simple_redux,
          minmay_goblin_outpost, uniq_sigmund

Skill      XL: |  1  2  3  4 |
---------------+-------------+-----
Conjurations   | 2 |  2.1
Fire Magic     | 4 |  4.0
Spellcasting   | 3 |  3.0
Dodging        | |  1.9
Stealth        | |  2.1

Action                   |  1- 3 |  4- 6 || total
-------------------------+-------+-------++-------
Melee: Club              |    14 |    36 ||    50
 Cast: Foxfire           |    44 |    32 ||    76
  Use: Scroll            |     1 |     2 ||     3
Armor: Robe              |     8 |    16 ||    24
Dodge: Dodged            |    11 |    35 ||    46

Table legend: (Time is in decaauts)
 A = Elapsed time spent in this place.
 B = Non-inter-level travel time spent in this place.
 C = Inter-level travel time spent in this place.
 D = Time resting spent in this place.
 E = Time spent auto-exploring this place.
 F = Levels seen in this place.
 G = Mean time per level.
                   A        B        C        D        E       F      G
               +--------+--------+--------+--------+--------+-----+--------+
         Total |   2188 |   2133 |     55 |      0 |   1750 |   3 |  729.3 |
       Dungeon |   2188 |   2133 |     55 |      0 |   1750 |   3 |  729.3 |
               +--------+--------+--------+--------+--------+-----+--------+

Top non-repeatable levels by time:
     D:1: 1146 daAuts
     D:2: 972 daAuts
     D:3: 69 daAuts
